 Dungeon Crawl Stone Soup version 0.27-a0-695-gb4952372f7 (webtiles) character file.

Game seed: 1543502461450410463

755 jasper the Magician (level 7, -5/38 HPs)
             Began as a Deep Elf Hedge Wizard on Mar 21, 2021.
             Was an Initiate of Sif Muna.
             Killed by nerve-wracking pain
             ... invoked by a shadow imp
              (12 damage)
             ... on level 6 of the Dungeon.
             The game lasted 00:09:34 (7708 turns).

jasper the Magician (Deep Elf Hedge Wizard)         Turns: 7708, Time: 00:09:35

Health: -5/38      AC:  3    Str:  7    XL:     7   Next: 49%
Magic:  14/18      EV: 13    Int: 21    God:    Sif Muna [......]
Gold:   195        SH:  0    Dex: 14    Spells: 6/19 levels left

rFire    . . .     SeeInvis .   f - +1 whip (elec)
rCold    . . .     Faith    .   (no shield)
rNeg     . . .     Spirit   .   b - +0 robe
rPois    .         Reflect  .   c - +0 hat
rElec    .         Harm     .   (no cloak)
rCorr    .         Rampage  .   s - +0 pair of gloves
Will     .....                  (no boots)
Stlth    ++........             (no amulet)
HPRegen  0.12/turn              (no ring)
MPRegen  0.16/turn              (no ring)

@: no status effects
A: no striking features
a: Renounce Religion


You were on level 6 of the Dungeon.
You worshipped Sif Muna.
Sif Muna was noncommittal.
You visited 2 branches of the dungeon, and saw 7 of its levels.

You collected 195 gold pieces.

Inventory:

Hand Weapons
 a - a +0 dagger
 f - a +1 whip of electrocution (weapon)
 g - a +2 dagger of speed
Missiles
 h - 94 stones
Armour
 b - a +0 robe (worn)
 c - a +0 hat (worn)
 q - a +1 leather armour of poison resistance
 s - a +0 pair of gloves (worn)
Wands
 k - a wand of acid (5)
 w - a wand of digging (4)
Scrolls
 d - 2 scrolls of enchant weapon {unknown}
 o - a scroll of amnesia {unknown}
 p - a scroll of identify {unknown}
 r - 2 scrolls of teleportation {unknown}
 t - a scroll of enchant armour {unknown}
 v - a scroll of vulnerability {unknown}
Potions
 e - 4 potions of curing {unknown}
 i - a potion of mutation {unknown}
 j - 2 potions of degeneration {unknown}
 l - 3 potions of heal wounds {unknown}
 m - a potion of lignification
 n - a potion of invisibility {unknown}
 u - a potion of attraction {unknown}


   Skills:
 + Level 1.3 Fighting
 + Level 1.1 Armour
 + Level 3.3 Dodging
 - Level 2.4 Stealth
 + Level 6.5 Spellcasting
 - Level 5.0 Conjurations
 - Level 2.0 Hexes
 - Level 1.1 Summonings
 - Level 2.0 Translocations
 - Level 2.0 Fire Magic
 - Level 2.0 Air Magic
 - Level 2.0 Poison Magic
 + Level 1.8 Invocations


You had 6 spell levels left.
You knew the following spells:

 Your Spells              Type           Power      Damage    Failure   Level
a - Magic Dart            Conj           100%       1d8       1%          1
b - Blink                 Tloc           N/A        N/A       6%          2
c - Call Imp              Summ           11%        N/A       9%          2
d - Slow                  Hex            15%        N/A       6%          2
e - Conjure Flame         Conj/Fire      21%        6-21      7%          3
f - Mephitic Cloud        Conj/Pois/Air  19%        N/A       9%          3

Your spell library contained the following spells:

 Spells                   Type           Power      Damage    Failure   Level


Dungeon Overview and Level Annotations

Branches:
Dungeon (6/15)             Temple (1/1) D:4

Altars:
Cheibriados
Dithmenos
Elyvilon
Fedhas
Gozag
Hepliaklqana
Kikubaaqudgha
Makhleb
Nemelex Xobeh
Okawaru
Ru
Sif Muna
Trog
Uskayaw
Vehumet
Wu Jian
Yredelemnul
Zin
The Shining One

Annotations:
D:5 1 runed translucent door, jasper's ghost, weakling GrDe


Message History

The electric eel is severely wounded.
The electric eel shoots out a bolt of lightning at you!
The bolt of electricity hits you!
* * * LOW HITPOINT WARNING * * *
You take 8 damage, and have 2/38 hp.
MASSIVE DAMAGE!!
You now have 14/18 mp.
Okay, then.
You start resting.
Magic restored.
MP restored: 18 You start resting.
A shadow imp comes into view.
You regained 3 hp, and now have 7/38 hp.
A shadow imp is nearby!
Aiming: Magic Dart (safe; 1% risk of failure)
Press: ? - help, Q - select action, (/) - cycle Shift-Dir - straight line, f - shadow imp
Aim: a shadow imp (wandering, hasn't noticed you, 0% to evade)
The magic dart hits the shadow imp.
The shadow imp is lightly wounded.
The shadow imp shouts!
You now have 17/18 mp.
Aiming: Magic Dart (safe; 1% risk of failure)
Press: ? - help, Q - select action, (/) - cycle Shift-Dir - straight line, f/p - shadow imp
Aim: a shadow imp (lightly wounded, 0% to evade)
The magic dart hits the shadow imp but does no damage.
The shadow imp is lightly wounded.
You now have 16/18 mp.
Aiming: Magic Dart (safe; 1% risk of failure)
Press: ? - help, Q - select action, (/) - cycle Shift-Dir - straight line, f/p - shadow imp
Aim: a shadow imp (lightly wounded, 0% to evade)
The magic dart hits the shadow imp.
The shadow imp is heavily wounded.
You now have 15/18 mp.
Aiming: Magic Dart (safe; 1% risk of failure)
Press: ? - help, Q - select action, (/) - cycle Shift-Dir - straight line, f/p - shadow imp
Aim: a shadow imp (heavily wounded, 0% to evade)
The magic dart hits the shadow imp.
The shadow imp is severely wounded.
The shadow imp gestures at you. Pain shoots through your body!
You die...

#......#<...#.....#
#......###..#.##### .
######## #..#.# PP
########.#
≈≈≈≈####......#.#####
≈.≈P..........'>....#
≈≈≈≈≈ #.......#.###.#
♣≈≈.#.####........#
♣≈≈P..# ##@...#####
♣≈P...# #.....# ♣≈≈P..#
#...### ≈≈.P≈...#
#...########
≈P......###.5........#
.#......#............#
#......#............#
#......#...##.......#
..................#####


You could see a shadow imp.

Vanquished Creatures
  An ogre (D:4)
  A bullfrog (D:6)
  An electric eel (D:6)
  An orc priest (D:6)
  2 hounds
  An iguana (D:4)
  An orc wizard (D:3)
  A worker ant (D:2)
  A killer bee zombie (D:4)
  A worker ant zombie (D:2)
  4 gnolls
  9 adders
  3 ufetubi
  A worm (D:3)
  7 orcs
  7 giant cockroaches
  10 goblins
  9 hobgoblins
  4 jackals (D:1)
  4 kobolds
  A ball python (D:3)
  10 bats
  4 frilled lizards
  A quokka skeleton (D:4)
  6 rats
91 creatures vanquished.

Vanquished Creatures (collateral kills)
  An ogre (D:5)
  2 orc priests (D:3)
  2 worker ants
  4 gnolls
  An adder (D:2)
  An ooze (D:3)
  A bat (D:2)
12 creatures vanquished.

Vanquished Creatures (others)
  15 plants (D:6)
15 creatures vanquished.

Grand Total: 118 creatures vanquished

Notes
Turn   | Place    | Note
-------+----------+-------------------------------------------
     0 | D:1      | jasper the Deep Elf Hedge Wizard began the quest for the
                  | Orb.
     0 | D:1      | Reached XP level 1. HP: 10/10 MP: 7/7
   199 | D:1      | Reached XP level 2. HP: 15/15 MP: 9/9
   207 | D:1      | Reached skill level 5 in Spellcasting
   274 | D:1      | Learned a level 2 spell: Blink
   277 | D:1      | Learned a level 2 spell: Call Imp
   280 | D:1      | Learned a level 2 spell: Slow
  1112 | D:1      | Reached XP level 3. HP: 19/19 MP: 5/11
  1116 | D:1      | Learned a level 3 spell: Conjure Flame
  1533 | D:2      | You fall into a shaft and drop 1 floor!
  1670 | D:2      | Found a faded altar of an unknown god.
  1961 | D:2      | Reached skill level 6 in Spellcasting
  2388 | D:2      | Reached XP level 4. HP: 24/24 MP: 5/14
  3124 | D:2      | Reached XP level 5. HP: 28/28 MP: 8/15
  3685 | D:3      | Found a white marble altar of Elyvilon.
  3750 | D:3      | Learned a level 3 spell: Mephitic Cloud
  3972 | D:3      | Reached skill level 5 in Conjurations
  4376 | D:3      | Reached skill level 1 in Hexes
  4755 | D:4      | Reached XP level 6. HP: 32/32 MP: 13/17
  4857 | D:4      | Reached skill level 1 in Fire Magic
  4857 | D:4      | Reached skill level 1 in Air Magic
  4857 | D:4      | Reached skill level 1 in Poison Magic
  5001 | D:4      | Found a staircase to the Ecumenical Temple.
  5012 | Temple   | Entered the Ecumenical Temple
  5330 | Temple   | Became a worshipper of Sif Muna the Loreminder
  5454 | D:4      | Found a shadowy altar of Dithmenos.
  6137 | D:4      | Found a radiant altar of Vehumet.
  6340 | D:5      | Entered Level 5 of the Dungeon
  6805 | D:5      | Reached XP level 7. HP: 37/37 MP: 12/18
  6922 | D:5      | Found a runed translucent door.
  6927 | D:5      | Noticed jasper's ghost (weakling GrDe)
  6936 | D:5      | Reached skill level 1 in Invocations
  7006 | D:5      | Found a glowing silver altar of Zin.
  7409 | D:6      | Reached skill level 1 in Fighting
  7417 | D:6      | Reached skill level 1 in Armour
  7708 | D:6      | Killed from afar by a shadow imp

Illustrated notes

Levels and vault maps discovered:
D:1:      kennysheep_arrival_seaside, layout_basic, minmay_hedge_maze,
          chequers_serial_rivers_large_a
D:2:      layout_basic, chequers_ecumenical_altar_twisty
D:3:      layout_basic, elyvilon_altar_1
D:4:      layout_basic, general_overflow_altar, minmay_temple_entry_sparse_star,
          grunt_dithmenos_smoke
D:5:      layout_basic, nicolae_overflow_hidden_temple,
          ebering_ghost_reflecting_pool, minmay_misc_feat_enclosed
D:6:      layout_basic, gammafunk_temple_overflow_forgotten, serial_bayou,
          serial_bayou_pond_c, serial_bayou_pond_b, serial_bayou_pond_b,
          serial_bayou_pond_b
Temple:   minmay_temple_bridge_d

Skill      XL: |  1  2  3  4  5  6  7 |
---------------+----------------------+-----
Spellcasting   | 5 6 |  6.5
Conjurations   | 2 3 4 5 |  5.0
Hexes          | 1 2 |  2.0
Fire Magic     | 2 |  2.0
Air Magic      | 2 |  2.0
Poison Magic   | 2 |  2.0
Translocations | 2 |  2.0
Invocations    | 1 |  1.8
Fighting       | 1 |  1.3
Dodging        | 3 |  3.3
Armour         | 1 |  1.1
Stealth        | |  2.4
Summonings     | |  1.1

Action                   |  1- 3 |  4- 6 |  7- 9 || total
-------------------------+-------+-------+-------++-------
Melee: Dagger            |     8 |    18 |       ||    26
       Whip              |       |     2 |       ||     2
 Cast: Magic Dart        |   108 |   126 |    45 ||   279
       Call Imp          |     3 |    16 |     3 ||    22
       Mephitic Cloud    |       |     2 |       ||     2
       Conjure Flame     |       |     1 |       ||     1
  Use: Potion            |     3 |     1 |       ||     4
       Scroll            |       |     3 |       ||     3
 Stab: Sleeping          |       |     1 |       ||     1
Armor: Skin              |    11 |       |       ||    11
       Robe              |     5 |     5 |       ||    10
Dodge: Dodged            |    28 |    24 |     7 ||    59

Table legend: (Time is in decaauts)
 A = Elapsed time spent in this place.
 B = Non-inter-level travel time spent in this place.
 C = Inter-level travel time spent in this place.
 D = Time resting spent in this place.
 E = Time spent auto-exploring this place.
 F = Levels seen in this place.
 G = Mean time per level.
                   A        B        C        D        E       F      G
               +--------+--------+--------+--------+--------+-----+--------+
         Total |   7713 |   7398 |    315 |    824 |   5895 |   7 | 1101.9 |
       Dungeon |   7325 |   7151 |    174 |    824 |   5654 |   6 | 1220.8 |
        Temple |    388 |    247 |    141 |      0 |    241 |   1 |  388.0 |
               +--------+--------+--------+--------+--------+-----+--------+

Top non-repeatable levels by time:
     D:2: 1899 daAuts
     D:1: 1750 daAuts
     D:4: 1573 daAuts
     D:3: 1054 daAuts
     D:5: 623 daAuts
     D:6: 422 daAuts
  Temple: 388 daAuts
